 Dungeon Crawl Stone Soup version 0.32-a0-900-g30fb1b0 (webtiles) character file.

Game seed: 4305773517498991946

671 Dorkslayer the Sneak (level 7, -6/48 HPs)
             Began as an Octopode Fighter on Apr 5, 2024.
             Mangled by an iguana (13 damage)
             ... on level 4 of the Dungeon.
             The game lasted 00:07:14 (2712 turns).

Dorkslayer the Sneak (Octopode Fighter)             Turns: 2712, Time: 00:07:14

Health: -6/48      AC:  3    Str: 24    XL:     7   Next: 58%
Magic:  16/16      EV: 12    Int:  8    God:
Gold:   175        SH:  0    Dex: 11    Spells: 6/6 levels left

rFire   . . .        a - +0 war axe
rCold   . . .        b - +1 buckler
rNeg    . . .        (helmet restricted)
rPois   .            (no amulet)
rElec   +            j - ring "Piphigy" {rElec rCorr MP+9 Str+6 Int-2}
rCorr   +            (no ring)
SInv    .            (no ring)
Will    .....        (no ring)
Stlth   ++           (no ring)
HPRegen 0.28/turn    (no ring)
MPRegen 0.15/turn    (no ring)
                     (no ring)

%: random rage (3%)
@: confused, on berserk cooldown, hasted and slowed
A: almost no armour, amphibious, 8 rings, camouflage 1, gelatinous body 1,
(nimble swimmer 1), tentacles, iridescent scales 1, berserk 1, subdued magic 1
a: no special abilities


You were on level 4 of the Dungeon.
You visited 1 branch of the dungeon, and saw 4 of its levels.

You collected 175 gold pieces.

Inventory:

Hand Weapons
 a - a +0 war axe (weapon)
Armour
 b - a +1 buckler (worn)
Jewellery
 j - the ring "Piphigy" (left tentacle) {rElec rCorr MP+9 Str+6 Int-2}
   (You acquired it on level 3 of the Dungeon)

   [ring of strength]

   Str+6:     It affects your strength (+6).
   Int-2:     It affects your intelligence (-2).
   rElec:     It insulates you from electricity.
   MP+9:      It affects your magic capacity (+9).
   rCorr:     It protects you from acid and corrosion.
Wands
 f - a wand of charming (12)
Scrolls
 c - a scroll of amnesia {unknown}
 d - 2 scrolls of enchant armour
 e - a scroll of immolation
 p - a scroll of fog


   Skills:
 + Level 4.1 Fighting
 + Level 5.0 Axes
 + Level 4.1 Dodging
 + Level 5.0 Stealth
 + Level 3.7 Shields
 * Level 2.3 Evocations


You had 6 spell levels left.
You didn't know any spells.
Your spell library contained the following spells:

 Spells                   Type           Power      Damage    Failure   Level
 Tukima's Dance           Hex            0%         N/A       80%         3
 Passage of Golubria      Tloc           0%         N/A       99%         4
 Yara's Violent Unravell  Hex/Alch       0%         3d3       100%        5


Dungeon Overview and Level Annotations

Branches:
Dungeon (4/15)
 Temple: D:4-7

Altars:

Shops:
D:3 ((:


Innate Abilities, Weirdness & Mutations

You cannot wear most types of armour.
You are amphibious.
You can wear up to eight rings at the same time.
Your skin changes colour to match your surroundings (Stealth+).
Your rubbery body absorbs attacks. (AC +1, EV +1)
((You are camouflaged when in or above water. (Stealth+)))
You have tentacles for arms and can constrict up to eight enemies at once.
You are partially covered in iridescent scales. (AC +2)
You sometimes lose your temper in combat.
Your spells are a little easier to cast, but a little less powerful.


Message History

You constrict the black bear!
You kill the black bear!
The adder closely misses you.
Your Axes skill increases to level 5!
Your Stealth skill increases to level 5!
You hit the adder. You grab the adder.
The adder is lightly wounded.
You constrict the adder. The adder closely misses you.
An orc wizard comes into view. It is wielding a +0 dagger.
The adder bites you. The orc hits you but does no damage.
An orc wizard comes into view.
It is wielding a +0 dagger and wearing a +1 robe of positive energy.
The orc hits you with a +0 whip. The adder bites you but does no damage.
You hit the orc. You grab the orc. You squeeze the orc.
You kill the orc!
You hit the orc. You slash the adder!
You kill the adder!
The orc hits you but does no damage. You block the orc's attack.
Unknown command.
You completely miss the iguana.
The orc shouts!
Your grab misses the iguana. You slash the orc!
You kill the orc!
The orc wizard casts a spell at you.
You are confused.
The iguana bites you.
A ball python comes into view.
The orc wizard gestures wildly while chanting.
The orc wizard flickers and vanishes!
Deactivating autopickup; reactivate with Ctrl-A.
The iguana bites you.
You hit the iguana but do no damage. Your squeeze misses the iguana.
The iguana bites you!
* * * LOW HITPOINT WARNING * * *
The orc wizard mumbles some strange words.
The orc wizard flickers and vanishes!
The iguana barely misses you.
Unknown command.
It was a potion of haste.
You feel yourself speed up. Something hits you.
* * * LOW HITPOINT WARNING * * *
The iguana bites you!
You die...

.####..........รท.......#.#
...........................
#####.....#................
...[.......................
.####.#####................
## #.#######......o.......
#.##...........S.......
#.##.#.......)........
#.#..#.....#@##.#.<.
#........#..l{{.#
#........##.........
#..###...##......... ....##
#...###........ #.##.#
#...# ##....... .. ..#
#...# ....... . .### #####
....... ##


You could see an iguana, an orc and a ball python.

Vanquished Creatures
  A black bear (D:4)
  An ogre (D:4)
  A phantom (D:4)
  A scorpion (D:4)
  3 hounds (D:4)
  A bombardier beetle (D:3)
  2 iguanas (D:4)
  2 orc wizards (D:3)
  6 adders
  4 dart slugs
  6 ribbon worms
  7 orcs
  10 ball pythons
  5 bats
  4 endoplasms
  2 giant cockroaches (D:3)
  5 goblins
  8 hobgoblins
  7 jackals (D:3)
  7 kobolds
  2 quokkas
  12 frilled lizards
  2 rats (D:3)
99 creatures vanquished.

Vanquished Creatures (collateral kills)
  An iguana (D:4)
  A kobold (D:4)
2 creatures vanquished.

Grand Total: 101 creatures vanquished

Notes
Turn   | Place    | Note
-------+----------+-------------------------------------------
     0 | D:1      | Dorkslayer the Octopode Fighter began the quest for the
                  | Orb.
     0 | D:1      | Reached XP level 1. HP: 16/16 MP: 1/1
   347 | D:1      | Reached XP level 2. HP: 21/21 MP: 2/2
   596 | D:2      | Identified the +1 pair of gloves of Inquiry {*Corrode rN+
                  | Str+2 Int+3}
   626 | D:2      | Reached XP level 3. HP: 13/26 MP: 3/3
  1015 | D:2      | Reached skill level 1 in Stealth
  1420 | D:3      | Identified a scroll of acquirement
  1420 | D:3      | Acquired the ring "Piphigy" {rElec rCorr MP+9 Str+6 Int-2}
  1553 | D:3      | Gained mutation: Your spells are a little easier to cast,
                  | but a little less powerful. [potion of mutation]
  1553 | D:3      | Gained mutation: You sometimes lose your temper in combat.
                  | [potion of mutation]
  1553 | D:3      | Gained mutation: You are partially covered in iridescent
                  | scales. (AC +2) [potion of mutation]
  1560 | D:3      | Reached XP level 4. HP: 31/31 MP: 4/4
  1602 | D:3      | Reached XP level 5. HP: 34/36 MP: 5/5
  1616 | D:3      | Found Silux's Book Emporium.
  1616 | D:3      | Found Fyjash's Weapon Boutique.
  1633 | D:3      | Found Bohutimi's Weapon Emporium.
  1739 | D:3      | Found Irchy's Weapon Shop.
  2284 | D:4      | Reached XP level 6. HP: 29/43 MP: 6/6
  2367 | D:4      | Reached skill level 1 in Evocations
  2458 | D:4      | Reached XP level 7. HP: 40/48 MP: 7/7
  2708 | D:4      | Reached skill level 5 in Axes
  2708 | D:4      | Reached skill level 5 in Stealth
  2712 | D:4      | Mangled by an iguana

Illustrated notes

Levels and vault maps discovered:
D:1:      tarquinn_simple_flora_water_e, layout_basic,
          chequers_serial_rivers_micro_a, hangedman_decor_push
D:2:      layout_basic, corexii_hall_statues_i, minmay_lizard_king
D:3:      layout_basic, serial_shops, shop, shop,
          nicolae_shop_getting_attention, shop, minmay_quadrilaterals
D:4:      minmay_chambers_of_threes, layout_rooms

Skill      XL: |  1  2  3  4  5  6  7 |
---------------+----------------------+-----
Stealth        | 1 2 3 4 5 |  5.0
Axes           | 3 4 5 |  5.0
Evocations     | 1 2 |  2.3
Dodging        | 4 |  4.1
Fighting       | 4 |  4.1
Shields        | |  3.7

Action                     |  1- 3 |  4- 6 |  7- 9 || total
---------------------------+-------+-------+-------++-------
  Melee: War axe           |    63 |    90 |    19 ||   172
         Constrict         |    13 |    22 |     7 ||    42
         Tentacles         |    11 |    16 |     3 ||    30
  Evoke: Wand              |       |       |     2 ||     2
    Use: Potion            |     7 |       |     1 ||     8
         Scroll            |     4 |     4 |       ||     8
   Stab: Sleeping          |     6 |    10 |     2 ||    18
         Distracted        |       |       |     1 ||     1
 Armour: Skin              |    33 |    51 |    19 ||   103
  Dodge: Dodged            |    32 |    36 |    10 ||    78
  Block: Buckler           |    14 |    24 |     4 ||    42

Table legend: (Time is in decaauts)
 A = Elapsed time spent in this place.
 B = Non-inter-level travel time spent in this place.
 C = Inter-level travel time spent in this place.
 D = Time resting spent in this place.
 E = Time spent auto-exploring this place.
 F = Levels seen in this place.
 G = Mean time per level.
                   A        B        C        D        E       F      G
               +--------+--------+--------+--------+--------+-----+--------+
         Total |   2812 |   2812 |      0 |      0 |   1423 |   4 |  703.0 |
       Dungeon |   2812 |   2812 |      0 |      0 |   1423 |   4 |  703.0 |
               +--------+--------+--------+--------+--------+-----+--------+

Top non-repeatable levels by time:
     D:3: 879 daAuts
     D:2: 843 daAuts
     D:1: 597 daAuts
     D:4: 492 daAuts
